 Dungeon Crawl Stone Soup version 0.18.1-48-g4cf74bf (webtiles) character file.

135 Joat the Skirmisher (level 4, 0/37 HPs)
             Began as a Demonspawn Fighter on Aug 6, 2016.
             Killed from afar by an orc wizard (3 damage)
             ... with a puff of flame
             ... on level 3 of the Dungeon.
             The game lasted 00:05:24 (1571 turns).

Joat the Skirmisher (Demonspawn Fighter)            Turns: 1571, Time: 00:05:25

Health: 0/37       AC: 13    Str: 16    XL:     4   Next: 96%
Magic:  4/4        EV:  4    Int: 13    God:
Gold:   67         SH:  9    Dex: 12    Spells: 0 memorised, 3 levels left

rFire  . . .     SeeInvis .     o - +0 hand axe (flame)
rCold  . . .     Gourm    .     e - +0 chain mail
rNeg   . . .     Faith    .     c - +0 shield
rPois  +         Spirit   .     (no helmet)
rElec  .         Dismiss  .     d - +2 cloak {rPois}
rCorr  .         Reflect  .     b - +0 pair of gloves
SustAt .         Harm     .     (no boots)
MR     .....                    (no amulet)
Stlth  ..........               (no ring)
                                (no ring)

@: drained, not resistant to hostile enchantments, extremely unstealthy
A: claws 2, hooves 1, clever 1, demonic guardian 1, no device heal 1
a: no special abilities


You were on level 3 of the Dungeon.
You were not hungry.

You visited 1 branch of the dungeon, and saw 3 of its levels.

You collected 67 gold pieces.

Inventory:

Hand Weapons
 a - a +0 war axe
 o - a +0 hand axe of flaming (weapon)
Armour
 b - a +0 pair of gloves (worn)
 c - a +0 shield (worn)
 d - a +2 cloak of poison resistance (worn)
 e - a +0 chain mail (worn)
Wands
 m - a wand of polymorph (11/24)
 p - a wand of paralysis (6/24)
Scrolls
 i - 4 scrolls of remove curse {unknown}
 l - a scroll of fear {unknown}
Comestibles
 f - 4 bread rations
 g - 5 fruits
 h - a meat ration
 j - 3 chunks of flesh


   Skills:
 + Level 3.7(3.6) Fighting
 * Level 3.1(3.0) Axes
 + Level 3.3(3.2) Armour
 + Level 3.4(3.3) Shields


You had 3 spell levels left.
You didn't know any spells.

Dungeon Overview and Level Annotations

Branches:
Dungeon (3/15)

Altars:
Cheibriados
Vehumet


Innate Abilities, Weirdness & Mutations

You have very sharp fingernails.
A weak demonic guardian rushes to your aid.
You have large cloven feet.
Your mind is acute. (Int +2)
Potions and wands are less effective at restoring your health.


Message History

* * * LOW HITPOINT WARNING * * *
You miss something. Something hits you but does no damage.
You hear some strange, mumbled words.
A puff of frost appears from out of thin air!
The puff of frost hits you!
* * * LOW HITPOINT WARNING * * *
Drink which item? (? for menu, Esc to quit)
It was a potion of curing.
You feel better.
Something hits you but does no damage. x2
Your shield and chain mail prevent you from hitting something.
Your kick misses something.
You hear some strange, mumbled words.
A magic dart appears from out of thin air!
The magic dart hits you!
* * * LOW HITPOINT WARNING * * *
You closely miss something. You kick something. You block something's attack.
You hear some strange, mumbled words.
A puff of flame appears from out of thin air!
The puff of flame hits you!
You die...

##### #.#
..... #.#
....##.#
#..<...
###...#.#
........#
.....r.r#
#.#
#@####
#<...#
####.# ..
##


You could see a rat.

Vanquished Creatures
  Crazy Yiuf (D:2)
  An orc wizard (D:3)
  Ijyb (D:2)
  2 worms (D:2)
  3 dart slugs
  2 giant geckos
  An orc (D:3)
  A giant cockroach (D:2)
  10 goblins
  5 hobgoblins
  3 bats
  3 kobolds
  7 rats
40 creatures vanquished.

Notes
Turn   | Place    | Note
--------------------------------------------------------------
     0 | D:1      | Joat the Demonspawn Fighter began the quest for the Orb.
     0 | D:1      | Reached XP level 1. HP: 18/18 MP: 1/1
   356 | D:1      | Gained mutation: You have sharp fingernails. [demonic ancestry]
   356 | D:1      | Reached XP level 2. HP: 24/24 MP: 2/2
   810 | D:2      | Found a radiant altar of Vehumet.
   832 | D:2      | Noticed Ijyb
   846 | D:2      | Killed Ijyb
   846 | D:2      | Gained mutation: A weak demonic guardian rushes to your aid. [demonic ancestry]
   846 | D:2      | Reached XP level 3. HP: 29/29 MP: 3/3
   982 | D:2      | Found a snail-covered altar of Cheibriados.
  1012 | D:2      | Noticed Crazy Yiuf
  1023 | D:2      | Killed Crazy Yiuf
  1023 | D:2      | Gained mutation: You have very sharp fingernails. [demonic ancestry]
  1023 | D:2      | Reached XP level 4. HP: 29/35 MP: 4/4
  1561 | D:3      | Gained mutation: Your mind is acute. (Int +2) [potion of mutation]
  1561 | D:3      | Gained mutation: Potions and wands are less effective at restoring your health. [potion of mutation]
  1561 | D:3      | Gained mutation: You have large cloven feet. [potion of mutation]
  1568 | D:3      | HP: 1/37 [something/puff of frost (3)]
  1571 | D:3      | Killed from afar by an orc wizard

Skill      XL: |  1  2  3  4 |
---------------+-------------+-----
Axes           | 2 3 |  3.1
Armour         | 3 |  3.3
Shields        | 3 |  3.4
Fighting       | |  3.7

Action                   |  1- 3 |  4- 6 || total
-------------------------+-------+-------++-------
Melee: War axe           |    64 |       ||    64
       Hand axe          |    13 |    60 ||    73
       Kick              |       |     2 ||     2
  Use: Potion            |     1 |     3 ||     4
  Eat: Chunk             |       |     2 ||     2
Armor: Chain mail        |    41 |    36 ||    77
       Scale mail        |     1 |       ||     1
Dodge: Dodged            |    14 |     7 ||    21
Block: Shield            |    32 |    23 ||    55
